 Dungeon Crawl Stone Soup version 0.30-a0-122-g2a1322497e (webtiles) character file.

Game seed: 16960256155609238260

1328 BritishOli the Trooper (level 8, -5/65 HPs)
             Began as a Demonspawn Fighter on Sept 17, 2022.
             Slain by Menkaure (14 damage)
             ... on level 6 of the Dungeon.
             The game lasted 00:07:14 (5816 turns).

BritishOli the Trooper (Demonspawn Fighter)         Turns: 5816, Time: 00:07:16

Health: -5/65      AC: 22    Str: 18    XL:     8   Next: 34%
Magic:  8/8        EV:  1    Int: 10    God:
Gold:   283        SH:  5    Dex: 13    Spells: 7/7 levels left

rFire   + . .      SeeInvis .    a - +0 long sword
rCold   . . .      Faith    .    c - +0 buckler
rNeg    . . .      Spirit   .    f - +3 crystal plate armour
rPois   .          Reflect  .    (no helmet)
rElec   .          Harm     .    p - +0 cloak
rCorr   .          Rampage  .    (no gloves)
Will    .....                    (no boots)
Stlth   ..........               (no amulet)
HPRegen 0.20/turn                m - ring of protection from fire
MPRegen 0.11/turn                b - ring of flight

@: flying
A: demonic guardian 1, sharp scales 2, weakness stinger 2
a: no special abilities


You were on level 6 of the Dungeon.
You visited 2 branches of the dungeon, and saw 7 of its levels.

You collected 283 gold pieces.

Inventory:

Hand Weapons
 a - a +0 long sword (weapon)
Missiles
 k - 4 boomerangs (quivered)
Armour
 c - a +0 buckler (worn)
 f - a +3 crystal plate armour (worn)
 p - a +0 cloak (worn)
 x - a +0 helmet
Jewellery
 b - a ring of flight (right hand)
 g - a ring of ice
 m - a ring of protection from fire (left hand)
Wands
 o - a wand of digging (6)
 t - a wand of flame (15)
 v - a wand of mindburst (15)
Scrolls
 e - a scroll of vulnerability
 i - 2 scrolls of fear
 j - a scroll of enchant weapon {unknown}
 l - 2 scrolls of teleportation {unknown}
 s - a scroll of brand weapon {unknown}
 w - a scroll of identify
 y - a scroll of blinking {unknown}
Potions
 d - 2 potions of might
 h - a potion of cancellation {unknown}
 n - a potion of magic {unknown}
 q - a potion of ambrosia {unknown}
 r - 2 potions of attraction {unknown}
 u - 2 potions of heal wounds {unknown}


   Skills:
 + Level 6.9 Fighting
 + Level 5.9 Long Blades
 - Level 4.3 Armour
 - Level 4.2 Shields


You had 7 spell levels left.
You didn't know any spells.
Your spell library contained the following spells:

 Spells                   Type           Power      Damage    Failure   Level
 Foxfire                  Conj/Fire      0%         2x1d4     100%        1
 Summon Small Mammal      Summ           0%         N/A       100%        1
 Ensorcelled Hibernation  Hex/Ice        0%         N/A       100%        2
 Passwall                 Tmut/Erth      0%         N/A       100%        2
 Call Canine Familiar     Summ           0%         N/A       100%        3
 Inner Flame              Hex/Fire       0%         N/A       100%        3
 Kindle Blastsparks       Fire/Tloc/Air  0%         2d10      100%        3
 Summon Guardian Golem    Hex/Summ       0%         N/A       100%        3
 Swiftness                Air            0%         N/A       100%        3
 Flame Wave               Conj/Fire      0%         2d4       100%        4
 Malign Gateway           Summ/Tloc      0%         N/A       100%        7
 Summon Horrible Things   Summ           0%         N/A       100%        8


Dungeon Overview and Level Annotations

Branches:
Dungeon (6/15)             Temple (1/1) D:6

Altars:
Ashenzari
Cheibriados
Dithmenos
Fedhas
Gozag
Hepliaklqana
Kikubaaqudgha
Nemelex Xobeh
Okawaru
Sif Muna
Uskayaw
Vehumet
Wu Jian
Xom
Yredelemnul

Annotations:
D:6 Menkaure


Innate Abilities, Weirdness & Mutations

A weak demonic guardian rushes to your aid.
You are mostly covered in razor-sharp scales. (AC +2, Slay +2)
You have a tail ending in a sharp stinger.


Message History

You are too injured to fight recklessly!
You are too injured to fight recklessly!
You are too injured to fight recklessly!
You are too injured to fight recklessly!
You are too injured to fight recklessly!
You are too injured to fight recklessly!
You are too injured to fight recklessly!
You are too injured to fight recklessly!
You are too injured to fight recklessly!
You are too injured to fight recklessly!
You are too injured to fight recklessly!
You are too injured to fight recklessly!
You are too injured to fight recklessly!
You are too injured to fight recklessly!
You are too injured to fight recklessly!
Unknown command.
You closely miss Menkaure.
Menkaure is heavily damaged.
You hit Menkaure.
Menkaure is heavily damaged.
You block Menkaure's attack.
You completely miss Menkaure.
Menkaure is heavily damaged.
Menkaure hits you!
You hit Menkaure.
Menkaure is severely damaged.
Menkaure sighs, "From dust you came, to dust you will return."
Menkaure hits you but does no damage.
You hit Menkaure.
Menkaure is severely damaged.
Menkaure hits you!
* * * LOW HITPOINT WARNING * * *
A demonic guardian appears!
You hit Menkaure.
Menkaure is almost destroyed.
Your quasit bites Menkaure but does no damage.
Your quasit barely misses Menkaure.
Your quasit closely misses Menkaure.
Menkaure blazes with dark energy!
Menkaure hits you!
You die...

##.....†......
##........... >
###
######....####..
..
....#......#..#
##. #.
#...#..##...# #.
##. #
##..##..### ##
#...####..###..#
#.......###.##
...#M@.>..#
......#5......#
..... ##.##..##
.... ### #.# ..#
.# . ##


You could see Menkaure (ally target) and a friendly quasit (summoned).

Vanquished Creatures
  A sky beast (D:6)
  2 black bears (D:5)
  An ogre (D:5)
  7 scorpions
  4 hounds
  Crazy Yiuf (D:4)
  Jessica (D:3)
  An iguana (D:6)
  Natasha (thrice) (D:3)
  An orc wizard (D:5)
  4 gnolls (D:4)
  4 adders
  4 shadow imps
  A white imp (D:5)
  2 worms
  3 dart slugs
  8 orcs (D:5)
  6 ball pythons
  6 bats
  6 endoplasms
  9 giant cockroaches
  8 goblins
  5 hobgoblins
  8 jackals (D:3)
  7 quokkas
  5 frilled lizards
  12 kobolds
  8 rats
128 creatures vanquished.

Vanquished Creatures (collateral kills)
  An iguana (D:4)
1 creature vanquished.

Grand Total: 129 creatures vanquished

Notes
Turn   | Place    | Note
-------+----------+-------------------------------------------
     0 | D:1      | BritishOli the Demonspawn Fighter began the quest for the
                  | Orb.
     0 | D:1      | Reached XP level 1. HP: 18/18 MP: 1/1
   294 | D:1      | Gained mutation: You have a small tail. [demonic ancestry]
   294 | D:1      | Reached XP level 2. HP: 7/24 MP: 2/2
   996 | D:1      | Gained mutation: You are partially covered in razor-sharp
                  | scales. (AC +1, Slay +1) [demonic ancestry]
   996 | D:1      | Reached XP level 3. HP: 29/29 MP: 3/3
  1219 | D:2      | Gained mutation: You have a tail ending in a sharp stinger.
                  | [demonic ancestry]
  1219 | D:2      | Reached XP level 4. HP: 31/35 MP: 4/4
  1942 | D:3      | Noticed Natasha
  1955 | D:3      | Killed Natasha
  2237 | D:3      | Noticed Natasha
  2253 | D:3      | Killed Natasha
  2254 | D:3      | Gained mutation: You are mostly covered in razor-sharp
                  | scales. (AC +2, Slay +2) [demonic ancestry]
  2254 | D:3      | Reached XP level 5. HP: 37/42 MP: 5/5
  2296 | D:3      | Noticed Jessica
  2304 | D:3      | Killed Jessica
  2305 | D:3      | Reached skill level 4 in Fighting
  2401 | D:3      | Found a faded altar of an unknown god.
  2473 | D:3      | Noticed Natasha
  2481 | D:3      | Killed Natasha
  2590 | D:3      | Found a radiant altar of Vehumet.
  2982 | D:4      | Gained mutation: A weak demonic guardian rushes to your
                  | aid. [demonic ancestry]
  2982 | D:4      | Reached XP level 6. HP: 48/49 MP: 6/6
  3216 | D:4      | Identified the +1 chain mail of Integrity {Harm}
  3392 | D:4      | Found a runed translucent door.
  3393 | D:4      | Noticed Crazy Yiuf
  3471 | D:4      | Found a shimmering blue altar of Sif Muna.
  3792 | D:4      | Killed Crazy Yiuf
  3793 | D:4      | Reached XP level 7. HP: 39/55 MP: 7/7
  3933 | D:5      | Entered Level 5 of the Dungeon
  4075 | D:5      | Reached skill level 5 in Fighting
  4815 | D:5      | Reached skill level 6 in Fighting
  4815 | D:5      | Reached skill level 5 in Long Blades
  5057 | D:5      | Reached XP level 8. HP: 60/64 MP: 8/8
  5591 | D:6      | Found a staircase to the Ecumenical Temple.
  5596 | D:6      | Noticed Menkaure
  5600 | Temple   | Entered the Ecumenical Temple
  5816 | D:6      | Slain by Menkaure

Illustrated notes

Levels and vault maps discovered:
D:1:      minmay_arrival_three_doors, layout_basic, minmay_worlds_worst_comb
D:2:      layout_rooms, st_stairs_9
D:3:      layout_basic, lemuel_tele_altar, shapermc_ecumenical_altar_gd,
          minmay_hedge_maze, chequers_serial_rivers_small_a, uniq_jessica,
          uniq_natasha
D:4:      layout_cave_pools, nicolae_sif_muna_condensation,
          hangedman_decor_clover_reticule, amcnicky_mini_rare_corridor_liquid,
          dk_noncrumbling_4, uniq_crazy_yiuf_cottage
D:5:      layout_loops_ring
D:6:      layout_layer_cave, lemuel_doored_altar, minmay_temple_entry_wispy,
          uniq_edmund, uniq_menkaure
Temple:   eino_narrow_crystal_temple

Skill      XL: |  1  2  3  4  5  6  7 |
---------------+----------------------+-----
Long Blades    | 2 3 5 |  5.9
Armour         | 3 4 |  4.3
Shields        | 3 4 |  4.2
Fighting       | 4 6 |  6.9

Action                   |  1- 3 |  4- 6 |  7- 9 || total
-------------------------+-------+-------+-------++-------
Melee: Long sword        |   122 |   199 |   122 ||   443
       Tailslap          |     8 |    15 |    15 ||    38
  Use: Scroll            |       |       |     8 ||     8
Armor: Scale mail        |    20 |       |       ||    20
       Crystal plate arm |    98 |   285 |   110 ||   493
Dodge: Dodged            |    23 |    22 |     5 ||    50
Block: Buckler           |    34 |    60 |    20 ||   114

Table legend: (Time is in decaauts)
 A = Elapsed time spent in this place.
 B = Non-inter-level travel time spent in this place.
 C = Inter-level travel time spent in this place.
 D = Time resting spent in this place.
 E = Time spent auto-exploring this place.
 F = Levels seen in this place.
 G = Mean time per level.
                   A        B        C        D        E       F      G
               +--------+--------+--------+--------+--------+-----+--------+
         Total |   5933 |   5744 |    189 |    856 |   3875 |   7 |  847.6 |
       Dungeon |   5727 |   5559 |    168 |    856 |   3696 |   6 |  954.5 |
        Temple |    206 |    185 |     21 |      0 |    179 |   1 |  206.0 |
               +--------+--------+--------+--------+--------+-----+--------+

Top non-repeatable levels by time:
     D:5: 1312 daAuts
     D:1: 1236 daAuts
     D:3: 1182 daAuts
     D:4: 972 daAuts
     D:2: 637 daAuts
     D:6: 385 daAuts
  Temple: 206 daAuts
